 Dungeon Sprint DCSS version 0.13.2 (webtiles) character file.

217 sanboga the Sculptor of Flesh (level 5, -7/45 HPs)
             Began as a Minotaur Death Knight on Oct 23, 2017.
             Was an Elder of Yredelemnul.
             Mangled by a nine-headed hydra (12 damage)
             ... in the Dungeon (Sprint IX: "|||||||||||||||||||||||||||||").
             The game lasted 00:05:25 (438 turns).

sanboga the Sculptor of Flesh (MiDK)                 Turns: 438, Time: 00:05:26

HP  -7/45        AC 14     Str 19      XL: 5   Next: 46%
MP   9/10        EV  7     Int  8      God: Yredelemnul [****..]
Gold 20          SH  0     Dex 12      Spells:  0 memorised,  4 levels left

Res.Fire  : . . .   See Invis. : .   n - +2 halberd (venom)
Res.Cold  : . . .   Warding    : .   q - +1 chain mail
Life Prot.: . . .   Conserve   : .   (no shield)
Res.Poison: .       Res.Corr.  : .   (helmet restricted)
Res.Elec. : .       Clarity    : .   p - +0 cloak
Sust.Abil.: . .     Spirit.Shd : .   (no gloves)
Res.Mut.  : .       Prev.Telep.: +   o - +0 pair of boots
Res.Rott. : .       Flight     : .   (no amulet)
Saprovore : . . .                    s - +3 ring of dexterity
                                     r - +2 ring of protection

@: slightly resistant to hostile enchantments, extremely unstealthy
A: retaliatory headbutt, horns 2
a: Animate Dead, Recall Undead Slaves, Injury Mirror, Drain Life, Renounce
Religion


You were in the Dungeon.
You worshipped Yredelemnul.
Yredelemnul was greatly pleased with you.
You were not hungry.

You visited 1 branch

Inventory:

Hand weapons
 n - a +2,+2 halberd of venom (weapon)
Armour
 o - a +0 pair of boots (worn)
 p - a +0 cloak (worn)
 q - a +1 chain mail (worn)
Magical devices
 m - a wand of draining (7)
Comestibles
 c - a bread ration
Scrolls
 i - 2 scrolls of blinking
 k - 3 scrolls of remove curse
 l - 2 scrolls of amnesia
Jewellery
 r - a +2 ring of protection (left hand)
 s - a +3 ring of dexterity (right hand)
Potions
 d - 5 potions of curing
 e - 3 potions of heal wounds
 f - a potion of speed
 g - 4 potions of magic
 h - a potion of berserk rage
 j - a potion of invisibility


   Skills:
 + Level 5.2 Fighting
 + Level 6.0 Polearms
 + Level 3.5 Armour
 + Level 3.4 Dodging
 + Level 1.1 Stealth
 + Level 8.9 Invocations


You had 4 spell levels left.
You didn't know any spells.

Dungeon Overview and Level Annotations

Branches:
Dungeon (1/1)

Altars:
Ashenzari
Cheibriados
Elyvilon
Fedhas
Kikubaaqudgha
Makhleb
Nemelex Xobeh
Okawaru
Sif Muna
Trog
Vehumet
Xom
Yredelemnul
Zin
the Shining One


Innate Abilities, Weirdness & Mutations

You reflexively headbutt those who attack you in melee.
You have a pair of horns on your head.


Message History

The eight-headed hydra bites your rat zombie.
The eight-headed hydra bites your rat zombie!
Your rat zombie is destroyed!
There is an open door to the Dungeon, spattered with blood here.
Things that are here:
an orcish short sword; a rotting orc corpse Attack whom?
Press: ? - help, Dir - move target cursor, f/p - eight-headed hydra
Aim: an eight-headed hydra (heavily wounded)
You reach to attack!
You barely miss the eight-headed hydra.
The eight-headed hydra is heavily wounded.
You hack one of the eight-headed hydra's heads off!
The seven-headed hydra grows two more!
You puncture the nine-headed hydra! You headbutt the nine-headed hydra.
The nine-headed hydra is moderately wounded.
The nine-headed hydra bites you. The nine-headed hydra bites you!
* * * LOW HITPOINT WARNING * * *
The nine-headed hydra bites you!
You die...
Your body rises from the dead as a mindless zombie.

#.#
#|#
#)#
#.#
#.#
#.#
#.#
#)#
#@#
#D#
#k#
#.#
#.#
#)#
#)#
#)#
#.#


You could see a nine-headed hydra and a killer bee.

Vanquished Creatures
  A mottled dragon (D)
  A gnoll sergeant (D)
  A crimson imp (D)
  3 adders (D)
  A worm (D)
  An adder skeleton (D)
  A bat (D)
  A giant cockroach (D)
  A giant newt (D)
  2 goblins (D)
  A kobold (D)
  2 rats (D)
16 creatures vanquished.

Vanquished Creatures (collateral kills)
  A worker ant (D)
  A giant eyeball (D)
  2 orcs (D)
4 creatures vanquished.

Vanquished Creatures (others)
  2 wights (D)
  A mummy (D)
  A worker ant zombie (D)
  A gnoll zombie (D)
  2 adder zombies (D)
  A bat zombie (D)
  A giant cockroach zombie (D)
  A giant newt zombie (D)
  2 goblin zombies (D)
  A kobold zombie (D)
  A rat zombie (D)
14 creatures vanquished.

Grand Total: 34 creatures vanquished

Notes
Turn   | Place    | Note
--------------------------------------------------------------
     0 | D        | sanboga, the Minotaur Death Knight, began the quest for the Orb.
     0 | D        | Reached XP level 1. HP: 17/17 MP: 2/2
    10 | D        | Reached skill level 3 in Invocations
    15 | D        | Acquired Yredelemnul's second power
    97 | D        | Acquired Yredelemnul's third power
    97 | D        | Reached skill level 4 in Invocations
    97 | D        | Reached XP level 2. HP: 18/24 MP: 1/3
   111 | D        | Reached skill level 5 in Invocations
   111 | D        | Reached XP level 3. HP: 11/30 MP: 3/5
   112 | D        | Received a gift from Yredelemnul
   137 | D        | Found a glowing golden altar of the Shining One.
   137 | D        | Found a glowing silver altar of Zin.
   137 | D        | Found a deep blue altar of Sif Muna.
   137 | D        | Found a radiant altar of Vehumet.
   137 | D        | Found a white marble altar of Elyvilon.
   137 | D        | Found a blossoming altar of Fedhas.
   137 | D        | Found a snail-covered altar of Cheibriados.
   138 | D        | Found a burning altar of Makhleb.
   139 | D        | Found a basalt altar of Yredelemnul.
   140 | D        | Found an iron altar of Okawaru.
   141 | D        | Found a sparkling altar of Nemelex Xobeh.
   142 | D        | Found a bloodstained altar of Trog.
   143 | D        | Found a shattered altar of Ashenzari.
   144 | D        | Found an ancient bone altar of Kikubaaqudgha.
   145 | D        | Found a shimmering altar of Xom.
   146 | D        | Found a basalt altar of Yredelemnul.
   147 | D        | Found a shattered altar of Ashenzari.
   197 | D        | Noticed a worker ant
   197 | D        | Noticed a gnoll sergeant
   200 | D        | Paralysed by a giant eyeball for 4 turns
   208 | D        | Killed a worker ant
   208 | D        | Acquired Yredelemnul's fourth power
   211 | D        | Paralysed by a giant eyeball for 4 turns
   237 | D        | Killed a gnoll sergeant
   237 | D        | Reached skill level 6 in Invocations
   237 | D        | Reached XP level 4. HP: 16/38 MP: 5/7
   247 | D        | Reached skill level 7 in Invocations
   247 | D        | Received a gift from Yredelemnul
   402 | D        | Noticed a mottled dragon
   402 | D        | Noticed a five-headed hydra
   402 | D        | Noticed a killer bee
   402 | D        | Noticed a crimson imp
   415 | D        | Killed a crimson imp
   415 | D        | Reached skill level 5 in Polearms
   425 | D        | Killed a mottled dragon
   425 | D        | Reached skill level 5 in Fighting
   425 | D        | Reached skill level 1 in Stealth
   425 | D        | Reached skill level 8 in Invocations
   425 | D        | Reached XP level 5. HP: 45/45 MP: 8/10
   425 | D        | Received a gift from Yredelemnul
   438 | D        | Mangled by a nine-headed hydra

Action                   |  1- 3 |  4- 6 || total
-------------------------+-------+-------++-------
Melee: Spear             |    33 |       ||    33
       Halberd           |     9 |    24 ||    33
Invok: Animate Remains   |     3 |       ||     3
       Animate Dead      |     1 |     2 ||     3
 Stab: Distracted        |       |     1 ||     1
